Map: Cactus Valley LE (Void)

Players

Torkk

  • Race: Protoss Protoss
  • Spawn Location: 7:00

Livibee - Winner!

  • Race: Zerg Zerg
  • Spawn Location: 5:00

Event: WCS Austin 2017

VOD

Have the link to the VOD?

Description

Time

  • Played on: April 28, 2017, 2:07 p.m.
  • Length: 13:29

All games in this series

Show
View Real Time Build Order
Export as new Build Order

Torkk Protoss 

Build Orders: 1 Gate Expand 

Get SALT Encoding   

  12  0:01  Probe (Chrono Boost)  
  13  0:11  Probe (Chrono Boost)  
  14  0:21  Pylon  
  14  0:24  Probe (Chrono Boost)  
  15  0:39  Probe (Chrono Boost)  
  16  0:44  Gateway  
  17  0:50  Probe (Chrono Boost)  
  17  0:54  Assimilator  
  17  1:00  Probe (Chrono Boost)  
  18  1:11  Probe (Chrono Boost)  
  19  1:25  Nexus  
  19  1:28  Probe (Chrono Boost)  
  20  1:40  Cybernetics Core  
  20  1:41  Probe (Chrono Boost)  
  21  1:48  Assimilator  
  21  1:51  Probe (Chrono Boost)  
  22  1:56  Pylon  
  22  2:02  Probe (Chrono Boost)  
  23  2:13  Adept  
  24  2:16  Probe (Chrono Boost)  
  24  2:17  Warp Gate  
  26  2:28  Probe (Chrono Boost)  
  27  2:31  Twilight Council  
  28  2:37  Probe (Chrono Boost)  
  28  2:39  Probe (Chrono Boost), Stalker  
  31  2:47  Probe (Chrono Boost)  
  32  2:53  Probe (Chrono Boost)  
  32  2:58  Probe (Chrono Boost)  
  33  3:03  Probe (Chrono Boost)  
  34  3:08  Robotics Facility  
  34  3:09  Probe (Chrono Boost)  
  35  3:14  Probe (Chrono Boost), Resonating Glaives  
  36  3:21  Probe (Chrono Boost)  
  36  3:25  Probe (Chrono Boost)  
  38  3:33  Probe (Chrono Boost)  
  39  3:35  Probe (Chrono Boost)  
  39  3:39  Gateway  
  39  3:40  Gateway  
  40  3:42  Pylon  
  40  3:45  Probe (Chrono Boost)  
  40  3:46  Probe (Chrono Boost)  
  42  3:52  Warp Prism  
  42  3:54  Pylon  
  42  3:58  Probe (Chrono Boost)  
  42  4:00  Probe (Chrono Boost)  
  47  4:10  Probe (Chrono Boost)  
  47  4:11  Probe (Chrono Boost)  
  48  4:21  Probe (Chrono Boost)  
  48  4:22  Probe (Chrono Boost), Adept  
  52  4:28  Pylon x2  
  52  4:32  Mothership Core (Chrono Boost)  
  52  4:34  Probe (Chrono Boost)  
  52  4:38  Adept x2  
  59  4:49  Probe (Chrono Boost)  
  59  4:50  Probe (Chrono Boost)  
  61  4:59  Nexus  
  61  5:02  Adept  
  61  5:03  Adept x2  
  65  5:13  Probe (Chrono Boost)  
  67  5:15  Probe (Chrono Boost)  
  67  5:17  Immortal  
  67  5:25  Pylon  
  67  5:28  Pylon  
  63  5:38  Probe (Chrono Boost)  
  63  5:39  Blink  
  63  5:41  Probe (Chrono Boost)  
  61  5:43  Assimilator  
  61  5:44  Assimilator  
  61  5:45  Stalker x3  
  67  5:50  Gateway  
  67  5:51  Gateway  
  67  5:52  Probe (Chrono Boost)  
  67  5:54  Gateway  
  67  5:55  Robotics Bay  
  69  5:57  Probe (Chrono Boost)  
  69  6:05  Probe (Chrono Boost)  
  69  6:10  Forge  
  69  6:11  Probe x2 (Chrono Boost)  
  72  6:13  Immortal  
  72  6:16  Probe (Chrono Boost)  
  77  6:21  Probe (Chrono Boost)  
  77  6:24  Probe (Chrono Boost)  
  79  6:27  Probe (Chrono Boost)  
  79  6:32  Probe (Chrono Boost)  
  81  6:36  Stalker x3  
  82  6:51  Stalker  
  82  6:52  Stalker  
  80  7:03  Stalker x3  
  80  7:05  Assimilator  
  80  7:06  Assimilator, Probe x2 (Chrono Boost)  
  80  7:08  Probe (Chrono Boost)  
  89  7:09  Disruptor, Pylon, Protoss Ground Weapons Level 1  
  89  7:10  Pylon  
  92  7:16  Probe (Chrono Boost)  
  92  7:17  Probe (Chrono Boost)  
  92  7:21  Probe (Chrono Boost), Pylon  
  95  7:29  Zealot x4  
  99  7:46  Stalker x2  
  103  7:52  Stalker x4  
  105  8:11  Stalker x2  
  109  8:16  Adept x4  
  112  8:24  Probe x2 (Chrono Boost)  
  112  8:26  Probe (Chrono Boost)  
  107  8:35  Stalker x2  
  111  8:45  Stalker x4  
  112  9:05  Stalker x2  
  110  9:17  Stalker x3  
  98  9:38  Stalker x2  
  81  10:05  Stalker x5  
  79  10:20  Nexus  
  68  10:28  Gateway  
  68  10:30  Gateway  
  68  10:32  Stalker x5  
  54  11:05  Stalker x5  
  64  11:45  Probe (Chrono Boost)  
Show
View Real Time Build Order
Export as new Build Order

Livibee Zerg - Winner!

Build Orders: Hatch First 

Get SALT Encoding   

  12  0:01  Drone  
  13  0:13  Overlord  
  13  0:19  Drone  
  14  0:32  Drone x2  
  16  0:36  Drone  
  17  0:53  Hatchery  
  17  0:56  Drone  
  17  1:09  Spawning Pool  
  16  1:12  Extractor  
  16  1:14  Drone  
  16  1:18  Drone  
  17  1:36  Drone x2  
  19  1:46  Overlord  
  19  1:56  Queen  
  19  1:57  Zergling x2  
  22  2:04  Queen  
  22  2:07  Drone x2  
  26  2:12  Drone  
  26  2:14  Metabolic Boost  
  27  2:19  Drone  
  27  2:22  Drone  
  29  2:27  Drone  
  30  2:42  Drone x2  
  32  2:44  Overlord  
  32  2:59  Drone  
  32  3:01  Drone x2  
  32  3:04  Zergling x6  
  37  3:06  Hatchery  
  36  3:17  Drone  
  36  3:18  Drone x2  
  36  3:19  Drone x2  
  41  3:27  Drone  
  41  3:31  Drone x2  
  44  3:36  Roach Warren, Extractor  
  44  3:37  Extractor  
  44  3:40  Drone x3  
  44  3:52  Lair  
  44  3:56  Overlord  
  44  3:57  Overlord  
  44  4:12  Overlord x2  
  43  4:20  Roach  
  43  4:21  Roach x5  
  55  4:28  Queen  
  55  4:31  Drone x4  
  61  4:39  Drone x3  
  64  4:51  Roach x4  
  72  4:53  Glial Reconstitution  
  67  5:25  Roach  
  67  5:26  Roach x2  
  67  5:27  Roach x3  
  79  5:28  Zergling x2  
  79  5:29  Zergling x4  
  79  5:30  Overlord x4  
  78  5:39  Roach x2  
  81  5:43  Drone  
  81  5:47  Spire  
  81  5:50  Drone x5  
  81  5:51  Drone x2  
  88  6:00  Drone x3  
  91  6:07  Drone x5  
  96  6:15  Drone x4  
  98  6:26  Extractor  
  78  6:48  Zergling x14  
  78  6:49  Zergling x4  
  73  7:02  Drone x3  
  73  7:03  Drone  
  73  7:05  Extractor  
  73  7:06  Mutalisk x7, Extractor  
  90  7:08  Zergling x4  
  90  7:13  Overlord  
  91  7:19  Drone x2  
  93  7:22  Mutalisk  
  93  7:26  Mutalisk  
  97  7:33  Mutalisk  
  96  7:40  Drone  
  96  7:41  Drone x6  
  101  7:45  Mutalisk  
  101  7:47  Zergling x2  
  101  7:48  Zergling x4  
  101  7:50  Overlord x2  
  106  7:52  Hatchery  
  102  8:00  Mutalisk x2  
  104  8:06  Mutalisk  
  104  8:18  Mutalisk  
  104  8:19  Mutalisk  
  102  8:27  Zergling x12  
  102  8:32  Zergling x2  
  104  8:35  Mutalisk  
  103  8:51  Mutalisk x3  
  103  8:53  Zergling x4, Extractor  
  102  8:56  Extractor  
  98  9:04  Zergling x10  
  98  9:08  Mutalisk  
  98  9:09  Mutalisk  
  105  9:12  Mutalisk  
  97  9:20  Zergling x8  
  97  9:30  Mutalisk x2  
  86  9:32  Zergling x2  
  86  9:33  Zergling x2  
  86  9:34  Hatchery  
  78  9:41  Mutalisk x2  
  78  9:48  Zergling x2  
  76  9:53  Queen  
  76  9:54  Zergling x6  
  76  9:55  Zergling x2  
  76  9:59  Mutalisk  
  78  10:06  Zergling x2  
  78  10:07  Zergling x2  
  71  10:14  Zergling x2  
  71  10:16  Queen  
  71  10:19  Mutalisk  
  74  10:28  Queen  
  74  10:29  Zergling x2  
  74  10:30  Zergling x2  
  77  10:42  Mutalisk x4  
  68  10:48  Spawning Pool  
  66  10:56  Mutalisk  
  65  11:00  Hatchery  
  64  11:08  Drone  
  64  11:09  Drone x2  
  59  11:37  Zergling x2  
  59  11:38  Zergling x12  
  66  11:47  Drone  
  66  11:48  Drone  
  47  12:16  Drone  
  47  12:20  Drone  
  47  12:21  Drone x6  
  50  12:32  Drone x2  
  50  12:33  Drone  
  53  12:40  Drone x4  
  57  12:47  Drone  
  58  13:02  Drone x2  
  58  13:03  Drone  
Tags
 
Add a new tag
Caveats
  • Supply blocks, unpowered buildings, or Contaminate may cause inaccurate times.
  • Supply counts are checked every 10 seconds.